 Dungeon Crawl Stone Soup version 0.23.2-1-ga50397a (webtiles) character file.

Game seed: 15486710116330626508

2065 aefrtyi the Gusty (level 9, -2/75 HPs)
             Began as a Black Draconian Air Elementalist on May 31, 2019.
             Was a Follower of Vehumet.
             Slain by an ogre
             ... wielding a +0 giant club
              (13 damage)
             ... on level 5 of the Dungeon.
             The game lasted 01:09:58 (8354 turns).

aefrtyi the Gusty (DrAE)                            Turns: 8354, Time: 01:10:00

Health: -2/75      AC: 13    Str:  6    XL:     9   Next: 5%
Magic:  15/18      EV: 12    Int: 19    God:    Vehumet [*.....]
Gold:   157        SH:  0    Dex: 14    Spells: 8/20 levels left

rFire    + + .     SeeInvis .   j - +5 short sword of Impeachment {pain, rF+ rN+ Str-5 Dex+3}
rCold    + . .     Gourm    .   (no shield)
rNeg     + . .     Faith    +   (armour unavailable)
rPois    .         Spirit   .   (helmet restricted)
rElec    +         Reflect  .   r - scarf {rC+ rF+}
rCorr    .         Harm     .   (no gloves)
MR       .....                  f - +0 pair of boots
Stlth    ++........             s - amulet of faith
HPRegen  0.22/turn              c - +5 ring of protection
MPRegen  0.16/turn              (no ring)

@: short of breath
A: breathe lightning, unfitting armour, electricity resistance, cold-blooded, AC
+7
a: Breathe Lightning, Renounce Religion


You were on level 5 of the Dungeon.
You worshipped Vehumet.
Vehumet was aware of your devotion.
You were not hungry.

You visited 1 branch of the dungeon, and saw 6 of its levels.

You collected 157 gold pieces.

Inventory:

Hand Weapons
 j - the +5 short sword of Impeachment (weapon) {pain, rF+ rN+ Str-5 Dex+3}
   (You found it on level 6 of the Dungeon)

   In the hands of one skilled in necromantic magic, it inflicts extra damage on
   living creatures.
   It affects your strength (-5).
   It affects your dexterity (+3).
   It protects you from fire.
   It protects you from negative energy.
 y - a +2 dagger of protection
Armour
 f - a +0 pair of boots (worn)
 r - a scarf of resistance (worn)
Jewellery
 a - a +2 ring of dexterity {unknown}
 c - a +5 ring of protection (left hand)
 m - an uncursed ring of fire {unknown}
 s - an amulet of faith (around neck)
 w - an uncursed ring of protection from fire {unknown}
Scrolls
 d - 2 scrolls of fog {unknown}
 g - 3 scrolls of identify {unknown}
 n - a scroll of fear {unknown}
 o - 5 scrolls of teleportation {unknown}
 p - a scroll of enchant weapon {unknown}
 q - a scroll of remove curse {unknown}
 t - a scroll of blinking {unknown}
 v - 2 scrolls of amnesia {unknown}
Potions
 e - 2 potions of curing {unknown}
 h - a potion of cancellation {unknown}
 i - a potion of lignification {unknown}
 k - a potion of magic {unknown}
 l - a potion of resistance {unknown}
 u - 2 potions of agility {unknown}
 x - a potion of berserk rage {unknown}
Comestibles
 b - 5 rations


   Skills:
 + Level 5.7 Fighting
 - Level 1.7 Dodging
 - Level 2.0 Stealth
 * Level 6.4 Spellcasting
 + Level 5.3 Conjurations
 + Level 2.3 Fire Magic
 + Level 7.5 Air Magic


You had 8 spell levels left.
You knew the following spells:

 Your Spells              Type           Power        Failure   Level  Hunger
a - Shock                 Conj/Air       ####         1%          1    None
b - Lightning Bolt        Conj/Air       ####......   22%         5    #####..
c - Swiftness             Chrm/Air       ###.....     3%          2    None
d - Static Discharge      Conj/Air       ####....     2%          3    ##.....
e - Flame Tongue          Conj/Fire      ###..        2%          1    None

Your spell library contained the following spells:

 Spells                   Type           Power        Failure   Level  Hunger
 Airstrike                Air            ####......   4%          4    ####...
 Corona                   Hex            #......      11%         1    None
 Sandblast                Erth           #.....       11%         1    None
 Dazzling Spray           Conj/Hex       ###...       11%         3    ##.....
 Stone Arrow              Conj/Erth      ###...       11%         3    ##.....
 Ensorcelled Hibernation  Hex/Ice        #.....       16%         2    None
 Passwall                 Tmut/Erth      #.......     16%         2    None
 Confuse                  Hex            #.......     32%         3    ##.....
 Tukima's Dance           Hex            #.......     32%         3    ##.....
 Petrify                  Tmut/Erth      #.......     71%         4    ####...
 Lee's Rapid Deconstruct  Erth           #.........   96%         5    #####..


Dungeon Overview and Level Annotations

Branches:
Dungeon (6/15)
 Temple: D:4-7

Altars:
Elyvilon
Gozag
Hepliaklqana
Makhleb
Trog
Vehumet
Xom
The Shining One

Annotations:
D:3 exclusion: upstairs


Innate Abilities, Weirdness & Mutations

You can breathe wild blasts of lightning.
Your glossy black scales are hard. (AC +7)
You cannot fit into any form of body armour.
You are resistant to electric shocks. (rElec)
You are cold-blooded and may be slowed by cold attacks.


Message History

The ogre hits you with a +0 giant club!!
* * * LOW HITPOINT WARNING * * *
The steam dragon breathes steam at you. The ball of steam hits you! You resist.
* * * LOW HITPOINT WARNING * * *
You hear an angry hiss.
Okay, then.
Casting: Shock (safe; 1% risk of failure)
Confirm with . or Enter, or press ? or * to list all spells.
The ogre is struck by an arc of lightning.
The ogre is moderately wounded.
You resist.
You are struck by an arc of lightning.
The steam dragon is struck by an arc of lightning.
The steam dragon is severely wounded.
You resist.
You are struck by an arc of lightning.
* * * LOW HITPOINT WARNING * * *
The lightning grounds out.
The ogre is engulfed in a cloud of scalding steam.
The ogre hits you with a +0 giant club!
You die...

#P.≈.# #..P.## ##....P#
#≈..P^≈# .# #P≈.≈.P# .#
#.#######......## .+
.#......§....[.# .#
.......§D####.# ##.#
#.##.##O@# #.# #..##
##.#...#..####.###...##.#
+.......................+
##.#...#.#########...####
#.#..##.# #..## #.......#
#.## ###.##### #.# #. #.#
#. ..#


You could see a steam dragon and an ogre.

Vanquished Creatures
  Pikel (D:4)
  Grinder (D:4)
  Sigmund (D:2)
  Menkaure (D:4)
  An orc warrior (D:6)
  3 slaves (D:4)
  A phantom (D:4)
  3 ogres (D:4)
  A centaur (D:2)
  A bullfrog (D:6)
  2 scorpions
  A bullfrog skeleton (D:6)
  An orc priest (D:3)
  A hound (D:5)
  An orc wizard (D:6)
  2 worker ants (D:4)
  A hound zombie (D:6)
  2 hound skeletons
  Robin (D:2)
  10 adders
  A shadow imp (D:6)
  An ooze (D:1)
  7 worms
  2 dart slugs (D:1)
  8 leopard geckos
  13 orcs
  2 giant cockroaches
  15 goblins
  5 hobgoblins
  3 jackals (D:2)
  8 kobolds
  A quokka (D:6)
  8 bats
  8 frilled lizards
  A jackal skeleton (D:5)
  10 rats
  A fungus (D:5)
130 creatures vanquished.

Notes
Turn   | Place    | Note
-------+----------+-------------------------------------------
     0 | D:1      | aefrtyi the Draconian Air Elementalist began the quest for
                  | the Orb.
     0 | D:1      | Reached XP level 1. HP: 14/14 MP: 3/3
   445 | D:1      | Reached XP level 2. HP: 22/22 MP: 1/5
   900 | D:1      | Reached skill level 1 in Fighting
  1257 | D:1      | Reached XP level 3. HP: 28/28 MP: 4/6
  1788 | D:2      | Noticed Robin
  1852 | D:2      | Killed Robin
  2145 | D:2      | Reached XP level 4. HP: 34/36 MP: 1/7
  2663 | D:2      | Noticed a centaur
  3162 | D:2      | Noticed Sigmund
  3645 | D:2      | Killed Sigmund
  3645 | D:2      | Reached skill level 4 in Air Magic
  3645 | D:2      | Reached XP level 5. HP: 41/45 MP: 5/9
  3645 | D:2      | Reached XP level 6. HP: 46/51 MP: 5/10
  3680 | D:1      | Learned a level 5 spell: Lightning Bolt
  3683 | D:1      | Learned a level 2 spell: Swiftness
  3687 | D:1      | Learned a level 3 spell: Static Discharge
  4190 | D:2      | Found a bloodstained altar of Trog.
  4261 | D:2      | Found a white marble altar of Elyvilon.
  4262 | D:2      | Found a burning altar of Makhleb.
  4262 | D:2      | Found an opulent altar of Gozag.
  4263 | D:2      | Found a radiant altar of Vehumet.
  4270 | D:2      | Found a glowing golden altar of the Shining One.
  4297 | D:2      | Became a worshipper of Vehumet
  5251 | D:3      | Found a hazy altar of Hepliaklqana.
  5253 | D:3      | Found a shimmering altar of Xom.
  5253 | D:3      | Noticed a wyvern
  5254 | D:3      | Noticed a wyvern
  5254 | D:3      | Noticed a spectral ugly thing
  5784 | D:4      | Your scales start taking on a glossy black colour.
  5784 | D:4      | Reached skill level 5 in Air Magic
  5784 | D:4      | Reached XP level 7. HP: 40/58 MP: 1/12
  5784 | D:4      | Gained mutation: You are resistant to electric shocks.
                  | (rElec) [Black Draconian growth]
  5986 | D:4      | Noticed Grinder
  6251 | D:4      | Reached skill level 6 in Air Magic
  6307 | D:4      | Noticed Pikel
  6360 | D:4      | Killed Pikel
  6360 | D:4      | Reached * piety under Vehumet
  6360 | D:4      | Offered knowledge of Flame Tongue by Vehumet.
  6360 | D:4      | Reached skill level 5 in Spellcasting
  6360 | D:4      | Reached XP level 8. HP: 56/67 MP: 0/16
  6470 | D:4      | Learned a level 1 spell: Flame Tongue
  6588 | D:4      | Killed Grinder
  6588 | D:4      | Reached skill level 5 in Fighting
  6675 | D:4      | Reached skill level 1 in Fire Magic
  6675 | D:4      | Reached skill level 7 in Air Magic
  6926 | D:4      | Noticed Menkaure
  6932 | D:4      | Killed Menkaure
  6932 | D:4      | Reached skill level 5 in Conjurations
  7084 | D:4      | You fall through a shaft for 2 floors!
  7691 | D:6      | Got a steaming short sword
  7692 | D:6      | Identified the +5 short sword of Impeachment {pain, rF+ rN+
                  | Str-5 Dex+3} (You found it on level 6 of the Dungeon)
  7835 | D:6      | Reached XP level 9. HP: 36/74 MP: 6/18
  8158 | D:5      | Entered Level 5 of the Dungeon
  8354 | D:5      | Slain by an ogre

Skill      XL: |  1  2  3  4  5  6  7  8 |
---------------+-------------------------+-----
Stealth        | 2 |  2.0
Fighting       | 1 3 4 5 |  5.7
Conjurations   | 2 3 4 5 |  5.3
Spellcasting   | 3 5 6 |  6.4
Air Magic      | 4 5 6 7 |  7.5
Fire Magic     | 2 |  2.3
Dodging        | |  1.7

Action                   |  1- 3 |  4- 6 |  7- 9 || total
-------------------------+-------+-------+-------++-------
Melee: Dagger            |    14 |       |    37 ||    51
       Spear             |    36 |    42 |       ||    78
       Tailslap          |     4 |     6 |     8 ||    18
       Short sword       |       |       |    22 ||    22
 Cast: Shock             |    61 |   163 |   134 ||   358
       Swiftness         |       |       |     4 ||     4
       Flame Tongue      |       |       |     7 ||     7
       Static Discharge  |       |       |     7 ||     7
 Abil: Breathe Lightning |       |       |     2 ||     2
  Eat: Chunk             |     4 |     9 |     2 ||    15
       Ration            |       |     1 |     2 ||     3
Armor: Skin              |    37 |    35 |    38 ||   110
Dodge: Dodged            |    61 |    66 |    58 ||   185
